 Dungeon Crawl Stone Soup version 0.22.1-6-g1668fe2 (webtiles) character file.

219 Kairos the Shield-Bearer (level 5, 0/28 HPs)
             Began as a Vine Stalker Fighter on Jan 28, 2019.
             Succumbed to an adder's poison
             ... in a sewer.
             The game lasted 00:04:12 (2118 turns).

Kairos the Shield-Bearer (Vine Stalker Fighter)     Turns: 2118, Time: 00:04:13

Health: 0/28       AC:  5    Str: 20    XL:     5   Next: 96%
Magic:  1/6        EV:  8    Int:  8    God:
Gold:   118        SH:  9    Dex: 13    Spells: 4/4 levels left

rFire    . . .     SeeInvis .   a - +0 war axe
rCold    . . .     Gourm    .   c - +0 shield
rNeg     . . .     Faith    .   n - +0 ring mail (curse)
rPois    .         Spirit   +   (no helmet)
rElec    .         Reflect  .   (no cloak)
rCorr    .         Harm     .   (no gloves)
MR       .....                  (no boots)
Stlth    +.........             i - amulet of rage
HPRegen  0.49/turn              (no ring)
MPRegen  0.10/turn              (no ring)

@: lethally poisoned (0 -> 0), drained
A: fangs 2, regeneration 1, magic shield, antimagic bite, no potion heal 3, rot
immunity
a: Evoke Berserk Rage


You were in a sewer.
You were hungry.

You visited 1 branch of the dungeon, and saw 3 of its levels.
You also visited: Sewer.

You collected 118 gold pieces.

Inventory:

Hand Weapons
 a - a +0 war axe (weapon)
Armour
 b - a +0 scale mail
 c - a +0 shield (worn)
 l - a +0 plate armour
 n - a cursed +0 ring mail (worn)
Jewellery
 i - an amulet of rage (around neck)
Scrolls
 g - a scroll of fear
 j - a scroll of identify
 k - a scroll of amnesia
Potions
 d - 2 potions of might
 e - 3 potions of curing {unknown}
 h - a potion of flight {unknown}
 m - a potion of agility {unknown}
Comestibles
 f - 5 rations


   Skills:
 + Level 3.0(2.8) Fighting
 + Level 3.2(3.0) Axes
 + Level 3.5(3.2) Armour
 + Level 0.9(0.7) Dodging
 + Level 3.7(3.4) Shields
 + Level 0.1(0.0) Evocations


You had 4 spell levels left.
You didn't know any spells.
Your spell library was empty.

Dungeon Overview and Level Annotations

Branches:
Dungeon (3/15)

Altars:


Innate Abilities, Weirdness & Mutations

You have extremely sharp teeth.
Your natural rate of healing is unusually fast.
When hurt, damage is shared between your health and your magic reserves.
Your bite disrupts and absorbs the magic of your enemies.
Potions cannot restore your health.
You are immune to rotting.


Message History

You feel invigorated.
The kobold is severely wounded.
You feel sick.
The kobold hits you with a dagger of draining.
You feel drained.
* * * LOW HITPOINT WARNING * * *
You feel sick.
You see here a bolt.
You barely miss the kobold.
The kobold is severely wounded.
You feel sick.
The kobold shoots a bolt.
You block the bolt. You block the kobold's attack.
You closely miss the kobold. You bite the kobold. You drain its power.
You feel invigorated.
The kobold is heavily wounded.
Your shield and ring mail prevent you from hitting the kobold.
You feel sick.
The kobold shoots a bolt.
The bolt hits you!
* * * LOW HITPOINT WARNING * * *
You block the kobold's attack. x2
You die...

##.#########
#≈≈.#≈≈≈≈≈≈≈≈≈≈≈≈
#≈≈.#≈≈≈≈≈≈≈≈≈≈≈≈
#≈≈.#≈≈≈≈≈≈≈≈≈≈≈≈
#≈≈.#≈≈≈≈≈≈≈≈≈≈≈≈
#≈≈.#≈≈≈≈≈≈≈≈≈≈
#≈≈.#≈≈≈≈≈≈≈≈
######.####K##≈##≈###
≈≈≈≈#≈≈.#≈@(K().....≈
≈≈≈≈≈≈....≈≈≈≈≈≈≈S≈≈.
≈≈≈≈#≈≈.#≈.ZK.......≈
######.#####≈#≈≈###≈#
#≈≈.# ≈≈≈≈≈≈≈ ≈ #≈≈.#
≈≈≈≈≈≈≈≈≈ #≈≈.#
≈≈≈≈≈≈≈≈≈≈
#≈≈.#≈≈≈≈≈≈≈≈≈≈≈
#≈..#


You could see an adder (wandering), a kobold zombie and 3 kobolds.

Vanquished Creatures
  A bullfrog (D:2)
  2 big kobold zombies (Sewer)
  A gnoll (D:3)
  3 adders
  3 worms
  A dart slug (D:2)
  4 leopard geckos
  An orc (D:3)
  6 bats
  7 giant cockroaches
  11 goblins
  6 hobgoblins
  3 jackals (D:2)
  8 kobolds
  4 frilled lizards
  8 rats
69 creatures vanquished.

Notes
Turn   | Place    | Note
-------+----------+-------------------------------------------
     0 | D:1      | Kairos the Vine Stalker Fighter began the quest for the
                  | Orb.
     0 | D:1      | Reached XP level 1. HP: 11/11 MP: 2/2
   183 | D:1      | Reached XP level 2. HP: 11/16 MP: 3/3
   684 | D:1      | Reached XP level 3. HP: 15/19 MP: 4/4
   948 | D:2      | Noticed a bullfrog
   957 | D:2      | Killed a bullfrog
   957 | D:2      | Gained mutation: Your natural rate of healing is unusually
                  | fast. [Vine Stalker growth]
   957 | D:2      | Reached XP level 4. HP: 12/23 MP: 1/5
  1123 | D:2      | Reached XP level 5. HP: 28/28 MP: 6/6
  1421 | D:2      | Found a faded altar of an unknown god.
  1798 | D:3      | Found a glowing drain.
  1812 | Sewer    | Entered a sewer
  2117 | Sewer    | HP: 1/28 [kobold/bolt (7)]
  2118 | Sewer    | Succumbed to an adder's poison

Skill      XL: |  1  2  3  4  5 |
---------------+----------------+-----
Shields        | 3 |  3.7
Axes           | 2 3 |  3.2
Armour         | 3 |  3.5
Fighting       | 3 |  3.0
Dodging        | |  0.9
Evocations     | |  0.1

Action                   |  1- 3 |  4- 6 || total
-------------------------+-------+-------++-------
Melee: War axe           |    71 |   108 ||   179
       Bite              |    15 |    28 ||    43
 Abil: Evoke Berserk Rag |     1 |     1 ||     2
  Use: Scroll            |       |     3 ||     3
  Eat: Chunk             |       |     2 ||     2
       Ration            |       |     1 ||     1
Armor: Scale mail        |    27 |       ||    27
       Plate armour      |     3 |       ||     3
       Ring mail         |       |    41 ||    41
Dodge: Dodged            |    18 |    44 ||    62
Block: Shield            |    48 |    65 ||   113
